 Dungeon Crawl Stone Soup version 0.30-a0-29-g142975f185 (webtiles) character file.

Game seed: 12247824873198093777

53 Flugkiller the Covered (level 3, -1/32 (33) HPs)
             Began as a Minotaur Fighter on Aug 25, 2022.
             Slain by a goblin
             ... wielding a +4 dagger
             ... led by Robin
              (4 damage)
             ... on level 2 of the Dungeon.
             The game lasted 00:00:31 (1210 turns).

Flugkiller the Covered (Minotaur Fighter)           Turns: 1210, Time: 00:00:31

HP:   -1/32 (33)    AC:  7    Str: 20    XL:     3   Next: 64%
MP:   2/2           EV:  9    Int:  5    God:
Gold: 13            SH:  4    Dex: 11    Spells: 2/2 levels left

rFire   . . .      SeeInvis .    a - +0 war axe
rCold   . . .      Faith    .    c - +0 buckler
rNeg    . . .      Spirit   .    b - +0 scale mail
rPois   .          Reflect  .    (helmet restricted)
rElec   .          Harm     .    (no cloak)
rCorr   .          Rampage  .    (no gloves)
Will    .....                    (no boots)
Stlth   ..........               (no amulet)
HPRegen 0.10/turn                (no ring)
MPRegen 0.08/turn                (no ring)

@: lightly drained
A: horns 2, retaliatory headbutt
a: no special abilities


You were on level 2 of the Dungeon.
You visited 1 branch of the dungeon, and saw 2 of its levels.

You collected 13 gold pieces.

Inventory:

Hand Weapons
 a - a +0 war axe (weapon)
Armour
 b - a +0 scale mail (worn)
 c - a +0 buckler (worn)
Scrolls
 e - 4 scrolls of identify {unknown}
 i - a scroll of teleportation {unknown}
Potions
 d - a potion of might
 f - 2 potions of flight {unknown}
 g - 2 potions of heal wounds {unknown}
 h - a potion of lignification {unknown}


   Skills:
 + Level 4.2 Fighting
 * Level 3.9 Axes
 + Level 4.2 Armour
 - Level 3.6 Shields


You had 2 spell levels left.
You didn't know any spells.
Your spell library was empty.

Dungeon Overview and Level Annotations

Branches:
Dungeon (2/15)

Altars:

Annotations:
D:2 Robin


Innate Abilities, Weirdness & Mutations

You have a pair of horns on your head.
You reflexively headbutt those who attack you in melee.


Message History

There are monsters nearby!
There are monsters nearby!
The goblin shouts! x2; You hear a shout! x2
The goblin unwields a +0 dagger.
The goblin wields a +0 sling.
The goblin shoots a sling bullet.
The sling bullet closely misses you.
A hobgoblin comes into view.
A goblin comes into view. It is wielding a +2 dagger of draining.
Robin of the Strong Arm comes into view.
They are wielding a +0 short sword.
A goblin comes into view. It is wielding a +0 club.
The goblin shouts!
A goblin comes into view. It is wielding a +0 dagger. x2
A hobgoblin and a goblin come into view.
The hobgoblin shouts!
A quokka comes into view.
A goblin comes into view. It is wielding a +4 dagger.
Robin roars a battlecry!
The goblins go into a battle-frenzy!
The hobgoblin hits you.
The hobgoblin moves out of view.
The goblin shouts!
You hear a shout!
You slash the goblin!
You kill the goblin!
You hit the hobgoblin.
The goblin shoots a sling bullet.
You block the sling bullet. The hobgoblin barely misses you.
A hobgoblin comes into view.
The goblin shoots a sling bullet.
You block the sling bullet.
You hit the hobgoblin.
You kill the hobgoblin!
You slash the hobgoblin!
You kill the hobgoblin!
A hobgoblin comes into view.
Robin throws the goblin at you! The goblin hits you with a +0 club.
Robin throws the goblin at you! The goblin completely misses you.
The hobgoblin moves out of view.
You closely miss the goblin. You hit the goblin.
You kill the goblin!
You hit the goblin. You barely miss the goblin. You closely miss the quokka.
The goblin unwields a +0 sling.
The goblin wields a +0 dagger.
You block the goblin's attack.
The quokka bites you but does no damage.
The goblin hits you with a +2 dagger of draining.
You feel drained. The goblin hits you but does no damage.
You slash the goblin!
You kill the goblin!
You barely miss the goblin. You barely miss the quokka.
You closely miss the goblin.
The quokka bites you but does no damage.
You block the goblin's attack. The goblin hits you but does no damage.
Robin throws the goblin at you!
The quokka bites you but does no damage.
The goblin hits you with a +0 dagger.
You hit the goblin.
The goblin is moderately wounded.
You closely miss the goblin. You barely miss the goblin. You miss the quokka.
You closely miss the goblin. The goblin hits you but does no damage.
You block the quokka's attack.
The goblin hits you with a +0 dagger. x3
You hit the goblin.
You kill the goblin!
You hit Robin but do no damage. You hit the goblin. You slash the goblin!
You kill the goblin!
You closely miss the quokka. You closely miss the goblin.
You block the quokka's attack. The goblin hits you but does no damage.
Robin says, "A pitiful Minotaur like you will never find the ORB!"
You block Robin's attack. The goblin hits you but does no damage.
The quokka closely misses you. You furiously retaliate!
You headbutt the quokka. The goblin barely misses you.
The goblin hits you but does no damage. The goblin hits you with a +0 dagger.
Robin hits you but does no damage.
You hit the goblin but do no damage.
The goblin is heavily wounded.
You hit the quokka but do no damage. You hit the goblin but do no damage.
You slash Robin! You hit the goblin but do no damage.
The quokka bites you but does no damage.
The goblin hits you with a +4 dagger.
* * * LOW HITPOINT WARNING * * *
The goblin hits you with a +0 dagger.
* * * LOW HITPOINT WARNING * * *
The goblin barely misses you.
The quokka bites you but does no damage.
You are too injured to fight recklessly!
You are too injured to fight recklessly!
You are too injured to fight recklessly!
You are too injured to fight recklessly!
You are too injured to fight recklessly!
You are too injured to fight recklessly!
You are too injured to fight recklessly!
Unknown command.
The goblin attacks as you move away! You block the goblin's attack.
The quokka attacks as you move away!
The quokka bites you but does no damage.
The goblin barely misses you. Robin throws the goblin at you!
Things that are here:
a +0 dagger; a goblin corpse The goblin attacks as you move away!
You block the goblin's attack. The hobgoblin attacks as you move away!
The hobgoblin hits you but does no damage.
The goblin hits you with a +4 dagger.
* * * LOW HITPOINT WARNING * * *
Robin throws the goblin at you! The goblin hits you but does no damage.
The goblin attacks as you move away! The goblin hits you with a +4 dagger.
You die...

.....# ......
......#####
..........
..>......######
.)....)†.......
......g.gr#######
.#.##.).gg.......
#...[.gg@######
#.....†.g.......
#.......########
.#.......#######
................
...........#####
...........#
...........##########
...
.....................


You could see Robin, a quokka, 3 hobgoblins and 3 goblins.

Vanquished Creatures
  An adder (D:2)
  3 dart slugs (D:1)
  2 ball pythons (D:1)
  3 bats
  An endoplasm (D:2)
  8 goblins
  5 hobgoblins
  6 kobolds (D:1)
  A quokka (D:1)
  2 frilled lizards
  A rat (D:2)
33 creatures vanquished.

Vanquished Creatures (others)
  2 demonic plants (D:1)
  3 fungi
  A plant (D:1)
  A withered plant (D:1)
7 creatures vanquished.

Grand Total: 40 creatures vanquished

Notes
Turn   | Place    | Note
-------+----------+-------------------------------------------
     0 | D:1      | Flugkiller the Minotaur Fighter began the quest for the
                  | Orb.
     0 | D:1      | Reached XP level 1. HP: 19/19 MP: 0/0
    20 | D:1      | Found a faded altar of an unknown god.
   122 | D:1      | Reached XP level 2. HP: 26/27 MP: 1/1
   700 | D:1      | Reached XP level 3. HP: 27/33 MP: 2/2
  1197 | D:2      | Noticed Robin
  1210 | D:2      | Slain by a goblin

Illustrated notes

Levels and vault maps discovered:
D:1:      dpeg_arrival_simpleton_c, layout_basic, shapermc_ecumenical_altar_gd,
          nrook_mini_vaults, amcnicky_mini_rare_corridor_liquid,
          patterned_corridor
D:2:      layout_basic, serial_shops, shop_statue, uniq_crazy_yiuf_cottage,
          uniq_robin

Skill      XL: |  1  2 |
---------------+-------+-----
Axes           | 3 |  3.9
Fighting       | 4 |  4.2
Armour         | 4 |  4.2
Shields        | |  3.6

Action                   || total
-------------------------++-------
Melee: War axe           ||    60
       Headbutt          ||     5
Armor: Scale mail        ||    43
Dodge: Dodged            ||    37
Block: Buckler           ||    24

Table legend: (Time is in decaauts)
 A = Elapsed time spent in this place.
 B = Non-inter-level travel time spent in this place.
 C = Inter-level travel time spent in this place.
 D = Time resting spent in this place.
 E = Time spent auto-exploring this place.
 F = Levels seen in this place.
 G = Mean time per level.
                   A        B        C        D        E       F      G
               +--------+--------+--------+--------+--------+-----+--------+
         Total |   1232 |   1168 |     64 |      0 |    994 |   2 |  616.0 |
       Dungeon |   1232 |   1168 |     64 |      0 |    994 |   2 |  616.0 |
               +--------+--------+--------+--------+--------+-----+--------+

Top non-repeatable levels by time:
     D:1: 1092 daAuts
     D:2: 140 daAuts
